 Dungeon Crawl Stone Soup version 0.29.0-4-gdea44cf6ec (webtiles) character file.

Game seed: 8290917628852208338

6 qw the Sneak (level 1, 0/14 HPs)
             Began as a Gargoyle Delver on Sept 10, 2022.
             Slain by a hound (2 damage)
             ... on level 5 of the Dungeon.
             The game lasted 00:00:05 (78 turns).

qw the Sneak (Gargoyle Delver)                        Turns: 78, Time: 00:00:06

Health: 0/14       AC:  5    Str: 15    XL:     1   Next: 90%
Magic:  1/1        EV: 11    Int: 10    God:
Gold:   0          SH:  0    Dex: 11    Spells: 0/0 levels left

rFire   . . .      SeeInvis .   a - +0 hand axe
rCold   . . .      Faith    .   (no shield)
rNeg    + . .      Spirit   .   b - +0 leather armour
rPois   inf        Reflect  .   (no helmet)
rElec   +          Harm     .   (no cloak)
rCorr   .          Rampage  .   (no gloves)
Will    .....                   (no boots)
Stlth   +++.......              (no amulet)
HPRegen 0.04/turn               (no ring)
MPRegen 0.07/turn               (no ring)

@: no status effects
A: sickness immunity, AC +2, negative energy resistance 1, electricity
resistance, torment resistance 1, petrification resistance
a: no special abilities


You were on level 5 of the Dungeon.
You visited 1 branch of the dungeon, and saw 1 of its levels.


Innate Abilities, Weirdness & Mutations

You are immune to sickness and miasma.
Your stone body is resilient. (AC +2)
You are immune to poison.
You resist negative energy. (rN+)
You are resistant to electric shocks. (rElec)
You are resistant to unholy torment.
You are immune to petrification.


   Skills:
 - Level 3.2 Fighting
 + Level 2.3 Axes
 - Level 1.5 Dodging
 - Level 5.4 Stealth


You couldn't memorise any spells.
You didn't know any spells.
Your spell library was empty.

Inventory:

Hand Weapons
 a - a +0 hand axe (weapon)
Armour
 b - a +0 leather armour (worn)
Wands
 g - a wand of digging (3)
Scrolls
 c - a scroll of fog
 d - a scroll of magic mapping
 e - a scroll of fear
Potions
 f - a potion of haste

Dungeon Overview and Level Annotations

Branches:
Dungeon (5/15)
 Temple: D:4-7

Altars:


Message History

You barely miss the orc.
The orc is severely wounded.
The orc hits you but does no damage. The orc closely misses you.
You closely miss the orc.
The orc is severely wounded.
The orc closely misses you.
You hit the orc but do no damage.
The orc is severely wounded.
The orc hits you but does no damage.
You hit the orc but do no damage.
The orc is severely wounded.
The orc hits you but does no damage.
You hit the orc but do no damage.
The orc is severely wounded.
The orc barely misses you.
You hit the orc.
You kill the orc!
The hound barely misses you.
You hit the hound.
The hound is moderately wounded.
The hound bites you.
You hit the hound.
The hound is severely wounded.
The hound barely misses you. The hound bites you.
You hit the hound.
The hound is almost dead.
The hound bites you. x2
You barely miss the hound.
The hound is almost dead.
The hound bites you but does no damage. The hound bites you.
You completely miss the hound.
The hound is almost dead.
The hound closely misses you. The hound completely misses you.
You barely miss the hound.
The hound is almost dead.
The hound barely misses you.
You barely miss the hound.
The hound is almost dead.
The hound bites you.
You die...

#. #.# #.. #.#
###.####.#
#.....##.#########oo.
.##.#.#.##.....o.o.oo#
...........##...####.#
##)....######.## ..#
#.......#####)###...##.
#.............@h.......
#.......#..#######+####
###...###..# ......
#..# ###.#####..# #.
#....# #. ##.#..#
#^....# # #..#..+


You could see a hound.

Vanquished Creatures
  3 orcs (D:5)
3 creatures vanquished.

Notes
Turn   | Place    | Note
-------+----------+-------------------------------------------
     0 | D:5      | qw the Gargoyle Delver began the quest for the Orb.
     0 | D:5      | Reached XP level 1. HP: 14/14 MP: 1/1
     0 | D:5      | 0 ||| qw: Version: 0.1-a-116-g5d60599
     0 | D:5      | 0 ||| qw: Game counter: 8749
     0 | D:5      | 0 ||| qw: Always use a shield: true
     0 | D:5      | 0 ||| qw: God list: Okawaru
     0 | D:5      | 0 ||| qw: Allow faded altars: false
     0 | D:5      | 0 ||| qw: Do Orc after D:15 true
     0 | D:5      | 0 ||| qw: Do second Lair branch before Depths: true
     0 | D:5      | 0 ||| qw: Lair rune preference: random
     0 | D:5      | 0 ||| qw: Plans: Normal
     0 | D:5      | 0 ||| PLANNING D:1-11
    36 | D:5      | 36 ||| Stepping ~*~*~tactically~*~*~ (stealth).
    37 | D:5      | 37 ||| Stepping ~*~*~tactically~*~*~ (stealth).
    39 | D:5      | Noticed an ice beast
    40 | D:5      | 40 ||| Stepping ~*~*~tactically~*~*~ (stealth).
    42 | D:5      | 42 ||| Stepping ~*~*~tactically~*~*~ (stealth).
    43 | D:5      | 43 ||| Stepping ~*~*~tactically~*~*~ (stealth).
    44 | D:5      | 44 ||| Stepping ~*~*~tactically~*~*~ (stealth).
    47 | D:5      | 47 ||| Stepping ~*~*~tactically~*~*~ (stealth).
    48 | D:5      | 48 ||| Stepping ~*~*~tactically~*~*~ (stealth).
    51 | D:5      | 51 ||| Stepping ~*~*~tactically~*~*~ (stealth).
    52 | D:5      | 52 ||| Stepping ~*~*~tactically~*~*~ (stealth).
    53 | D:5      | 53 ||| Stepping ~*~*~tactically~*~*~ (stealth).
    63 | D:5      | Noticed a hound
    74 | D:5      | HP: 3/14 [hound (2)]
    78 | D:5      | Slain by a hound

Levels and vault maps discovered:
D:5:      layout_loops_ring, vehumet_statue, kennysheep_little_box,
          minmay_door_square, columned_hall_lemuel, uniq_ijyb

Skill      XL: |  1 |
---------------+----+-----
Axes           | 2 |  2.3
Fighting       | |  3.2
Dodging        | |  1.5
Stealth        | |  5.4

Action                   || total
-------------------------++-------
Melee: Hand axe          ||    22
Armor: Leather armour    ||     6
Dodge: Dodged            ||    13

Table legend:
 A = Non-vault XP
 B = Vault XP
 C = Vault XP percentage of total XP
 D = Non-vault monster count
 E = Vault monster count
 F = Vault count percentage of total count
                 A         B        C        D         E       F
            +---------+---------+-------+---------+---------+-------
      Total |       9 |       0 |   0.0 |       3 |       0 |   0.0
            +---------+---------+-------+---------+---------+-------
        D:5 |       9 |       0 |   0.0 |       3 |       0 |   0.0
            +---------+---------+-------+---------+---------+-------
